 Dungeon Crawl Stone Soup version 0.26.1-11-gd32895ea62 (webtiles) character file.

Game seed: 3125594580498774386

145 kodamatunes15 the Skirmisher (level 5, -1/46 HPs)
             Began as a Ghoul Gladiator on May 13, 2021.
             Slain by Sigmund
             ... wielding a +0 scythe
              (2 damage)
             ... on level 3 of the Dungeon.
             The game lasted 00:14:55 (2002 turns).

kodamatunes15 the Skirmisher (Ghoul Gladiator)      Turns: 2002, Time: 00:14:56

Health: -1/46      AC: 13    Str: 18    XL:     5   Next: 27%
Magic:  4/4        EV:  3    Int:  4    God:
Gold:   185        SH:  5    Dex: 10    Spells: 4/4 levels left

rFire    . . .     SeeInvis .   j - -3 hand axe (curse)
rCold    + . .     Faith    .   n - -2 kite shield (curse)
rNeg     + + +     Spirit   .   a - +1 plate armour
rPois    ∞         Reflect  .   g - +1 helmet
rElec    .         Harm     .   (no cloak)
rCorr    .         Rampage  .   (no gloves)
Will     .....                  (no boots)
Stlth    ..........             (no amulet)
HPRegen  0.00/turn              (no ring)
MPRegen  0.09/turn              (no ring)

@: no status effects
A: claws 1, cold resistance 1, negative energy resistance 3, inhibited
regeneration, torment resistance, unbreathing
a: no special abilities


You were on level 3 of the Dungeon.
You visited 1 branch of the dungeon, and saw 3 of its levels.

You collected 185 gold pieces.

Inventory:

Hand Weapons
 f - a +0 short sword
 j - a cursed -3 hand axe (weapon)
Missiles
 b - 24 arrows
 c - 3 throwing nets (quivered)
 e - 24 bolts
Armour
 a - a +1 plate armour (worn)
 g - a +1 helmet (worn)
 n - a cursed -2 kite shield (worn)
Magical Staves
 o - an uncursed staff of air {unknown}
Jewellery
 h - an uncursed amulet of reflection
Scrolls
 q - a scroll of enchant armour
Potions
 d - a potion of brilliance
 i - 3 potions of haste
 k - a potion of berserk rage {unknown}
 l - a potion of degeneration {unknown}
 m - a potion of curing {unknown}
 p - a potion of might {unknown}


   Skills:
 + Level 3.7 Fighting
 + Level 1.3 Short Blades
 + Level 0.5 Axes
 + Level 1.9 Throwing
 + Level 1.8 Armour
 + Level 3.2 Dodging
 + Level 3.5 Unarmed Combat


You had 4 spell levels left.
You didn't know any spells.
Your spell library was empty.

Dungeon Overview and Level Annotations

Branches:
Dungeon (3/15)

Altars:
Hepliaklqana

Annotations:
D:3 Sigmund


Innate Abilities, Weirdness & Mutations

You thrive by killing the living.
You are immune to poison.
You have sharp fingernails.
Your flesh is cold resistant. (rC+)
You are immune to negative energy. (rN+++)
You do not regenerate when monsters are visible.
You are immune to unholy pain and torment.
You can survive without breathing.


Message History

You hit the rat. You block the rat's attack.
The rat bites you but does no damage. Something hits you.
* * * LOW HITPOINT WARNING * * *
You miss something.
Your shield and plate armour prevent you from hitting the rat.
The rat bites you.
* * * LOW HITPOINT WARNING * * *
Something hits you.
* * * LOW HITPOINT WARNING * * *
You hit something but do no damage. You hit the rat.
The rat bites you but does no damage. x2
You closely miss something. You hit the rat.
You kill the rat!
You feel better. Something hits you but does no damage.
You closely miss something. Something hits you but does no damage.
You miss something. Something hits you but does no damage.
You miss something. Something hits you.
* * * LOW HITPOINT WARNING * * *
You barely miss something. Something hits you.
You die...

##... #.........#
.....##.†.......#
#......#####... .
#.#.#..# .. ..
#......# .
...#.#.#..# ..
.......#..#####..#.
.#..†#.....<.....
#.#{@...)#..<.
#.####.### ## #
..... #.....#
#.....# #.....#
#.....# #######


There were no monsters in sight!

Vanquished Creatures
  Terence (D:2)
  4 adders
  A worm (D:2)
  3 dart slugs
  2 leopard geckos (D:1)
  An orc (D:3)
  2 bats
  4 giant cockroaches
  6 goblins
  9 hobgoblins
  13 jackals
  8 kobolds
  A quokka (D:2)
  2 frilled lizards
  6 rats
63 creatures vanquished.

Vanquished Creatures (others)
  9 plants
9 creatures vanquished.

Grand Total: 72 creatures vanquished

Notes
Turn   | Place    | Note
-------+----------+-------------------------------------------
     0 | D:1      | kodamatunes15 the Ghoul Gladiator began the quest for the
                  | Orb.
     0 | D:1      | Reached XP level 1. HP: 17/17 MP: 0/0
   120 | D:1      | Reached XP level 2. HP: 5/24 MP: 1/1
   503 | D:1      | Reached XP level 3. HP: 27/30 MP: 2/2
   972 | D:2      | Reached skill level 1 in Short Blades
   977 | D:2      | Noticed Terence
  1011 | D:2      | Killed Terence
  1012 | D:2      | Reached skill level 1 in Armour
  1012 | D:2      | Reached XP level 4. HP: 22/38 MP: 3/3
  1423 | D:2      | Found a hazy altar of Hepliaklqana.
  1809 | D:2      | Reached XP level 5. HP: 45/45 MP: 4/4
  1984 | D:3      | Noticed Sigmund
  2001 | D:3      | HP: 1/46 [something (5)]
  2002 | D:3      | Slain by Sigmund

Illustrated notes

Levels and vault maps discovered:
D:1:      psy_arrival_heroes, layout_basic, serial_forest,
          infiniplex_forest_clump_double, infiniplex_forest_straight_1,
          infiniplex_forest_zigzag_1, infiniplex_forest_clump_cross,
          infiniplex_forest_3_way
D:2:      layout_basic, nzn_hepliaklqana_mist_gate, nrook_loot_triangle,
          uniq_terence
D:3:      layout_loops_cross, old_standard_altar, fedhas_altar_1, uniq_sigmund,
          uniq_crazy_yiuf_cottage, uniq_robin

Skill      XL: |  1  2  3 |
---------------+----------+-----
Dodging        | 3 |  3.2
Short Blades   | 1 |  1.3
Fighting       | 3 |  3.7
Armour         | 1 |  1.8
Axes           | |  0.5
Throwing       | |  1.9
Unarmed Combat | |  3.5

Action                   |  1- 3 |  4- 6 || total
-------------------------+-------+-------++-------
Melee: Short sword       |   125 |       ||   125
       Unarmed           |     5 |       ||     5
       Hand axe          |    32 |   222 ||   254
  Use: Scroll            |     5 |     3 ||     8
Armor: Leather armour    |    64 |       ||    64
       Plate armour      |    29 |   271 ||   300
       Ring mail         |     3 |       ||     3
Dodge: Dodged            |   114 |   115 ||   229
Block: Kite shield       |       |     2 ||     2
